 Dungeon Crawl Stone Soup version 0.29.0-4-gdea44cf6ec (webtiles) character file.

Game seed: 12594486463275773419

58 qw the Chopper (level 4, -2/26 HPs)
             Began as a Tengu Warper on Aug 28, 2022.
             Slain by Sigmund
             ... wielding a +0 scythe
              (8 damage)
             ... on level 2 of the Dungeon.
             The game lasted 00:00:07 (1406 turns).

qw the Chopper (Tengu Warper)                       Turns: 1406, Time: 00:00:07

Health: -2/26      AC:  5    Str: 13    XL:     4   Next: 1%
Magic:  8/8        EV: 11    Int: 14    God:
Gold:   104        SH:  0    Dex: 13    Spells: 7/7 levels left

rFire   . . .      SeeInvis .   Y - +0 hand axe
rCold   . . .      Faith    .   (no shield)
rNeg    . . .      Spirit   .   g - +0 ring mail
rPois   .          Reflect  .   (helmet restricted)
rElec   .          Harm     .   (no cloak)
rCorr   .          Rampage  .   (no gloves)
Will    .....                   (boots unavailable)
Stlth   +.........              (no amulet)
HPRegen 0.08/turn               (no ring)
MPRegen 0.11/turn               (no ring)

@: no status effects
A: beak, talons 3
a: no special abilities


You were on level 2 of the Dungeon.
You visited 1 branch of the dungeon, and saw 2 of its levels.

You collected 104 gold pieces.


Innate Abilities, Weirdness & Mutations

You have a beak for a mouth.
You have claws for feet.


   Skills:
 - Level 2.0 Fighting
 + Level 4.6 Axes
 - Level 1.0 Throwing
 - Level 1.1 Armour
 - Level 2.1 Dodging
 - Level 2.0 Spellcasting
 - Level 2.4 Translocations


You had 7 spell levels left.
You didn't know any spells.
Your spell library contained the following spells:

 Spells                   Type           Power      Damage    Failure   Level
 Blink                    Tloc           16%        N/A       28%         2
 Gell's Gravitas          Tloc           8%         N/A       50%         3
 Lesser Beckoning         Tloc           8%         N/A       50%         3
 Teleport Other           Tloc           8%         N/A       50%         3
 Manifold Assault         Tloc           8%         N/A       99%         5

Inventory:

Hand Weapons
 i - a +0 whip
 Y - a +0 hand axe (weapon)
Armour
 g - a +0 ring mail (worn)
Jewellery
 e - a ring of ice
Scrolls
 a - 2 scrolls of poison {unknown}
Potions
 b - a potion of degeneration {unknown}
 f - a potion of berserk rage {unknown}
 h - a potion of ambrosia {unknown}
 j - a potion of curing {unknown}

Dungeon Overview and Level Annotations

Branches:
Dungeon (2/15)

Altars:

Annotations:
D:1 1 transporter
D:2 Sigmund


Message History

You kill the endoplasm!
You have reached level 4!
You feel clever.
Sigmund the Dreaded comes into view.
He is wielding a +0 scythe.
Sigmund shouts!
Enter note: Sigmund hits you with a +0 scythe.
You closely miss Sigmund. You claw Sigmund, but do no damage. You peck Sigmund.
Sigmund is lightly wounded.
You barely miss Sigmund. Your peck misses Sigmund.
Sigmund is lightly wounded.
Sigmund screams, "Die, monster!"
Sigmund misses you.
You hit Sigmund. Your kick misses Sigmund. You peck Sigmund.
Sigmund is moderately wounded.
Sigmund gestures at you while chanting. The magic dart hits you.
You closely miss Sigmund. You claw Sigmund.
Sigmund is moderately wounded.
Sigmund points at you and mumbles some strange words.
The magic dart hits you!
You closely miss Sigmund. You claw Sigmund! You peck Sigmund, but do no damage.
Sigmund is severely wounded.
Sigmund barely misses you.
You barely miss Sigmund. You claw Sigmund.
Sigmund is severely wounded.
You hit Sigmund.
Sigmund is severely wounded.
Sigmund hits you with a +0 scythe.
You closely miss Sigmund.
Sigmund is severely wounded.
Sigmund gestures at you while chanting. You resist with some effort.
You closely miss Sigmund.
Sigmund is severely wounded.
Sigmund casts a spell.
Sigmund flickers and vanishes!
Deactivating autopickup; reactivate with Ctrl-A.
You barely miss something. Your kick misses something. Something hits you!
You die...

..#......#.#.#
..#......#.........
.............#.#..###
.####.##.#....$#..$.
...................#
####....####.......#
........+ +.......#
###.....# #.....{.#
...# #@# #.# #.# #.#
#.# #.# #.# #.#
####### #.#


There were no monsters in sight!

Vanquished Creatures
  Natasha (D:2)
  A dart slug (D:1)
  4 ball pythons (D:1)
  2 endoplasms
  2 giant cockroaches (D:1)
  4 goblins
  A hobgoblin (D:1)
  3 quokkas (D:1)
  2 bats
  5 frilled lizards
  2 kobolds
  3 rats (D:1)
30 creatures vanquished.

Notes
Turn   | Place    | Note
-------+----------+-------------------------------------------
     0 | D:1      | qw the Tengu Warper began the quest for the Orb.
     0 | D:1      | Reached XP level 1. HP: 12/12 MP: 4/4
     0 | D:1      | 0 ||| qw: Version: 0.1-a-89-g26bdef1
     0 | D:1      | 0 ||| qw: Game counter: 1706
     0 | D:1      | 0 ||| qw: Always use a shield: true
     0 | D:1      | 0 ||| qw: God list: Okawaru
     0 | D:1      | 0 ||| qw: Allow faded altars: false
     0 | D:1      | 0 ||| qw: Do Orc after D:15 true
     0 | D:1      | 0 ||| qw: Do second Lair branch before Depths: true
     0 | D:1      | 0 ||| qw: Lair rune preference: random
     0 | D:1      | 0 ||| qw: Plans: Normal
     0 | D:1      | 0 ||| PLANNING D:1-11
   100 | D:1      | Reached XP level 2. HP: 17/17 MP: 6/6
   106 | D:1      | 106 ||| Stepping ~*~*~tactically~*~*~ (hiding).
   113 | D:1      | Reached skill level 3 in Axes
   396 | D:1      | 396 ||| DROPPING +0 club.
   439 | D:1      | Reached XP level 3. HP: 15/21 MP: 7/7
   567 | D:1      | Found a faded altar of an unknown god.
   795 | D:1      | 795 ||| UPGRADING to +0 ring mail.
   805 | D:1      | 805 ||| DROPPING +0 leather armour.
   806 | D:1      | 806 ||| READING scroll labelled WIUN KOHO BIGH.
   807 | D:1      | 807 ||| DROPPING scroll of blinking.
  1042 | D:2      | Reached skill level 4 in Axes
  1211 | D:2      | Noticed Natasha
  1216 | D:2      | Killed Natasha
  1392 | D:2      | Reached XP level 4. HP: 26/26 MP: 8/8
  1395 | D:2      | Noticed Sigmund
  1403 | D:2      | HP: 5/26 [Sigmund/+0 scythe (4)]
  1406 | D:2      | Slain by Sigmund

Levels and vault maps discovered:
D:1:      spicycebolla_arrival_risky_transporter, layout_rooms,
          chequers_ecumenical_altar_lobes
D:2:      layout_basic, uniq_sigmund, uniq_natasha

Skill      XL: |  1  2  3 |
---------------+----------+-----
Axes           | 3 4 |  4.6
Fighting       | |  2.0
Throwing       | |  1.0
Armour         | |  1.1
Dodging        | |  2.1
Spellcasting   | |  2.0
Translocations | |  2.4

Action                   |  1- 3 |  4- 6 || total
-------------------------+-------+-------++-------
Melee: Hand axe          |    57 |    10 ||    67
       Peck              |     6 |     3 ||     9
       Kick              |    13 |     4 ||    17
Throw: Boomerang         |     7 |       ||     7
  Use: Scroll            |     1 |       ||     1
Armor: Leather armour    |    10 |       ||    10
       Ring mail         |     3 |       ||     3
Dodge: Dodged            |    16 |     2 ||    18

Table legend:
 A = Non-vault XP
 B = Vault XP
 C = Vault XP percentage of total XP
 D = Non-vault monster count
 E = Vault monster count
 F = Vault count percentage of total count
                 A         B        C        D         E       F
            +---------+---------+-------+---------+---------+-------
      Total |      47 |      36 |  43.4 |      29 |       1 |   3.3
            +---------+---------+-------+---------+---------+-------
        D:1 |      39 |       0 |   0.0 |      24 |       0 |   0.0
        D:2 |       8 |      36 |  81.8 |       5 |       1 |  16.7
            +---------+---------+-------+---------+---------+-------
